 Dungeon Crawl Stone Soup version 0.23-a0-407-g92528d7 (webtiles) character file.

73 Dawnplanks the Cudgeler (level 4, -2/61 HPs)
             Began as a Minotaur Berserker on Nov 7, 2018.
             Was a Believer of Trog.
             Slain by a two-headed ogre
             ... wielding a +0 giant club
              (16 damage)
             ... on level 2 of the Dungeon.
             The game lasted 00:03:18 (1907 turns).

Dawnplanks the Cudgeler (Minotaur Berserker)        Turns: 1907, Time: 00:03:19

Health: -2/61      AC:  4    Str: 26    XL:     4   Next: 8%
Magic:  3/3        EV: 12    Int:  4    God:    Trog [**....]
Gold:   93         SH:  0    Dex: 11    Spells: 3/3 levels left

rFire    . . .     SeeInvis .   a - +0 mace
rCold    . . .     Gourm    .   (no shield)
rNeg     . . .     Faith    .   b - +0 animal skin
rPois    .         Spirit   .   (helmet restricted)
rElec    .         Reflect  .   e - +1 cloak
rCorr    .         Harm     .   (no gloves)
MR       .....                  (no boots)
Stlth    ..........             (no amulet)
HPRegen  0.20/turn              (no ring)
MPRegen  0.08/turn              (no ring)

@: berserking, very quick
A: retaliatory headbutt, horns 2
a: Berserk, Trog's Hand, Renounce Religion


You were on level 2 of the Dungeon.
You worshipped Trog.
Trog was pleased with you.
You were hungry.

You visited 1 branch of the dungeon, and saw 3 of its levels.

You collected 93 gold pieces.

Inventory:

Hand Weapons
 a - a +0 mace (weapon)
Missiles
 f - 4 tomahawks (quivered)
Armour
 b - a +0 animal skin (worn)
 e - a +1 cloak (worn)
Scrolls
 g - a scroll of teleportation {unknown}
 h - a scroll of enchant armour {unknown}
 i - 2 scrolls of identify {unknown}
 k - a scroll of remove curse {unknown}
 m - a scroll of random uselessness {unknown}
 o - a scroll of blinking {unknown}
Potions
 d - a potion of degeneration {unknown}
 j - a potion of curing {unknown}
 n - a potion of lignification {unknown}
Comestibles
 c - 5 rations


   Skills:
 + Level 4.5 Fighting
 + Level 4.8 Maces & Flails
 + Level 2.9 Armour
 + Level 2.5 Dodging


You had 3 spell levels left.
You didn't know any spells.
Your spell library was empty.

Dungeon Overview and Level Annotations

Branches:
Dungeon (3/15)

Altars:


Innate Abilities, Weirdness & Mutations

You reflexively headbutt those who attack you in melee.
You have a pair of horns on your head.


Message History

All of the chunks of flesh in your inventory have rotted away.
There is a stone staircase leading down here.
Things that are here:
2 stones; a +0 club The phantom blinks!
Okay, then.
There is a stone staircase leading up here.
You climb upwards.
There is a stone staircase leading down here.
A red film seems to cover your vision as you go berserk!
You feel yourself moving faster!
You feel mighty!
You are feeling hungry.
The two-headed ogre hits you with a +0 giant club!
The two-headed ogre hits you with a +0 dire flail.
* * * LOW HITPOINT WARNING * * *
You sock the two-headed ogre!
The two-headed ogre is moderately wounded.
The two-headed ogre misses you.
The two-headed ogre hits you with a +0 dire flail!
You die...

#.#..........###
###.##.........#
#.....#.###.##.#
#.#.#.#.###.##.#
#.#.........##.#
#.###.#.######.#
#.....#.# #.#
#######.######.#
#.....@..## #.#....O..#
#.#.#####.# ### #.#.#
#.#
..#########.#.#####.###
......................#
..#######.....#####.#.#
.## ##....#####.#.# .#
##.#.......#.#


You could see a two-headed ogre.

Vanquished Creatures
  2 adders (D:2)
  2 worms (D:2)
  A dart slug (D:1)
  An orc (D:3)
  5 bats
  3 giant cockroaches
  7 goblins
  9 hobgoblins
  A frilled lizard (D:1)
  6 kobolds
  7 rats
44 creatures vanquished.

Notes
Turn   | Place    | Note
-------+----------+-------------------------------------------
     0 | D:1      | Dawnplanks the Minotaur Berserker began the quest for the
                  | Orb.
     0 | D:1      | Reached XP level 1. HP: 19/19 MP: 0/0
   201 | D:1      | Reached XP level 2. HP: 27/27 MP: 1/1
   639 | D:1      | Reached ** piety under Trog
   784 | D:1      | Reached XP level 3. HP: 29/33 MP: 2/2
  1382 | D:2      | Found a faded altar of an unknown god.
  1674 | D:2      | Reached XP level 4. HP: 41/41 MP: 3/3
  1893 | D:3      | Noticed a two-headed ogre
  1895 | D:3      | Noticed a phantom
  1907 | D:2      | Slain by a two-headed ogre

Vault maps used:
D:1:      roderic_octagonal_star
D:2:      cheibrodos_helix_gallery, chequers_ecumenical_altar_simple
D:3:      chequers_big_river, uniq_jessica

Skill      XL: |  1  2 |
---------------+-------+-----
Maces & Flails | 4 |  4.8
Fighting       | 4 |  4.5
Armour         | |  2.9
Dodging        | |  2.5

Action                   |  1- 3 |  4- 6 || total
-------------------------+-------+-------++-------
Melee: Mace              |    76 |     4 ||    80
       Headbutt          |     9 |     3 ||    12
Invok: Berserk           |     1 |     1 ||     2
 Stab: Sleeping          |     1 |       ||     1
  Eat: Chunk             |     2 |     2 ||     4
Armor: Animal skin       |    20 |     4 ||    24
Dodge: Dodged            |    38 |     5 ||    43

Table legend:
 A = Non-vault XP
 B = Vault XP
 C = Vault XP percentage of total XP
 D = Non-vault monster count
 E = Vault monster count
 F = Vault count percentage of total count
                 A         B        C        D         E       F
            +---------+---------+-------+---------+---------+-------
      Total |     102 |       3 |   2.9 |      42 |       2 |   4.5
            +---------+---------+-------+---------+---------+-------
        D:1 |      41 |       0 |   0.0 |      23 |       0 |   0.0
        D:2 |      58 |       3 |   4.9 |      18 |       2 |  10.0
        D:3 |       3 |       0 |   0.0 |       1 |       0 |   0.0
            +---------+---------+-------+---------+---------+-------
